 Dungeon Crawl Stone Soup version 0.31.0-12-g77e489cdc1 (webtiles) character file.

Game seed: 3806581150188237033

30294 Koenig04 the Peltast (level 13, -21/118 HPs)
             Began as a Minotaur Berserker on Feb 21, 2024.
             Was a High Priest of Trog.
             Killed from afar by Roxanne (40 damage)
             ... with a crystal spear
             ... on level 14 of the Dungeon.
             The game lasted 00:54:52 (13645 turns).

Koenig04 the Peltast (Minotaur Berserker)          Turns: 13645, Time: 00:54:53

Health: -21/118    AC: 27    Str: 25    XL:     13   Next: 19%
Magic:  12/12      EV: 11    Int:  4    God:    Trog [*****.]
Gold:   556        SH: 16    Dex: 22    Spells: 12/12 levels left

rFire   . . .        E - +5 broad axe "Nobradgha" {flame, rElec rPois Will+ Dex+4}
rCold   . . .        i - +0 kite shield
rNeg    . . .        B - +2 plate armour
rPois   +            q - +1 hat
rElec   +            D - +2 cloak
rCorr   .            (no gloves)
SInv    .            l - +0 pair of boots
Will    +++..        (no amulet) Stlth
                     k - +6 ring of dexterity
HPRegen 1.39/turn    s - +4 ring of protection
MPRegen 0.13/turn

%: no passive effects
@: about to teleport, strong-willed, regenerating
A: horns 2, retaliatory headbutt, talons 1, inability to read after injury 1
a: Renounce Religion, Berserk, Trog's Hand, Brothers in Arms


You were on level 14 of the Dungeon.
You worshipped Trog.
Trog was extremely pleased with you.
You visited 1 branch of the dungeon, and saw 14 of its levels.
You also visited: Sewer.

You collected 879 gold pieces.
You spent 323 gold pieces at shops.

Inventory:

Hand Weapons
 w - a +4 hand axe of flaming
 E - the +5 broad axe "Nobradgha" (weapon) {flame, rElec rPois Will+ Dex+4}
   (You bought it in a shop on level 13 of the Dungeon)

   Dex+4:     It affects your dexterity (+4).
   rElec:     It insulates you from electricity.
   rPois:     It protects you from poison Will+: It increases your willpower.
Missiles
 n - 5 curare-tipped darts
 t - 39 poisoned darts (quivered)
Armour
 i - a +0 kite shield (worn)
 l - a +0 pair of boots (worn)
 q - a +1 hat (worn)
 r - a scarf of resistance
 B - a +2 plate armour (worn)
 D - a +2 cloak (worn)
 F - a +1 cloak of poison resistance
 G - a +4 scale mail
Jewellery
 k - a +6 ring of dexterity (left hand)
 s - a +4 ring of protection (right hand)
 x - a ring of protection from cold
Wands
 a - a wand of paralysis (2)
 m - a wand of roots (5)
 p - a wand of digging (6)
 y - a wand of flame (19)
Scrolls
 b - a scroll of butterflies
 h - 3 scrolls of teleportation
 j - 3 scrolls of vulnerability
 z - 2 scrolls of revelation
Potions
 c - 4 potions of haste
 d - a potion of enlightenment
 e - a potion of invisibility
 f - 3 potions of attraction
 g - a potion of resistance
 o - a potion of lignification
 v - a potion of curing
 A - 3 potions of cancellation
 C - a potion of might {unknown}
Miscellaneous
 u - a sack of spiders


   Skills:
 + Level 12.0 Fighting
 + Level 15.2 Axes
 + Level 1.8 Throwing
 + Level 12.3 Armour
 + Level 6.4 Dodging
 + Level 2.1 Stealth
 + Level 17.0 Shields


You had 12 spell levels left.
You didn't know any spells.
Your spell library was empty.

Dungeon Overview and Level Annotations

Branches:
Dungeon (14/15)            Temple (0/1) D:4            Lair (0/5) D:8
    Orc (0/2) D:9          Vaults (0/5) D:13          Sewer (visited)

Altars:
Ashenzari
Cheibriados
Fedhas
Okawaru
Qazlal
Ru
Uskayaw
Zin
The Shining One

Shops:
D:9 (   D:11 **   D:13 (

Annotations:
D:14 Roxanne


Innate Abilities, Weirdness & Mutations

You have a pair of horns on your head.
You reflexively headbutt those who attack you in melee.
You have sharp toenails.
You occasionally lose the ability to read scrolls when taking damage.


Message History

Found 18 gold pieces.
There is an open door here.
Found 18 gold pieces.
You now have 538 gold pieces (gained 18).
You now have 556 gold pieces (gained 18).
Roxanne, Geomancer Emeritus comes into view.
Found 7 stones, 19 gold pieces and a scroll of fear.
Marking area around Roxanne as unsafe for travelling.
You throw a poisoned dart. The poisoned dart hits Roxanne.
Roxanne says, "At least I didn't end up somewhere with nobody to talk to."
Roxanne casts a spell.
You blink.
Found an encrusted granite ring and a ruby potion.
You throw a poisoned dart. The poisoned dart hits Roxanne.
You hit Roxanne but do no damage. You hit Roxanne but do no damage.
You headbutt Roxanne, but do no damage.
Roxanne casts a spell.
The iron shot hits you!!!
You slash Roxanne!
Roxanne is lightly damaged.
You hit Roxanne but do no damage.
Roxanne is lightly damaged.
You slash Roxanne! You burn Roxanne. You headbutt Roxanne, but do no damage.
Roxanne is lightly damaged.
Roxanne casts a spell.
The crystal spear hits you!!!
* * * LOW HITPOINT WARNING * * *
As you read the scroll of teleportation, it crumbles to dust.
You feel strangely unstable.
Roxanne mutters, "When I said I wanted to live forever... this was not what I had in mind."
Your skin crawls.
You feel strong-willed.
You slice Roxanne!! You headbutt Roxanne, but do no damage.
Roxanne is lightly damaged.
Roxanne casts a spell.
The iron shot hits you.
* * * LOW HITPOINT WARNING * * *
Roxanne casts a spell.
The crystal spear hits you!!!
You die...

.# #. #.
###+###### #
.........#### .
.!..........##.
....=.......#.##.#
.......?8..##.##.#
#$(@......+.+
###...##.##.#.# .#
######.##.#.# .
##.#.#.#.#
#.#.#.#.# ##..#..#
##.#.######
#........#
+........'


You could see Roxanne.

Vanquished Creatures
  The ghost of Kokhlaf the Eclecticist, a journeyman DECj of Kikubaaqudgha (D:13)
  A minotaur (D:13)
  4 centaur warriors (D:13)
  2 dancing weapons (D:13)
  A boulder beetle (D:12)
  A two-headed ogre (D:11)
  A tengu warrior (D:14)
  Nergalle (D:12)
  The ghost of Zing the Covert, a novice KoBr of Dithmenos (D:7)
  A deep elf pyromancer (D:12)
  2 manticores (D:13)
  8 ugly things
  3 cyclopes
  Maurice (D:9)
  A meliai (shapeshifter) (D:11)
  4 unseen horrors
  Maggie (D:6)
  A tengu conjurer (D:14)
  3 red devils (D:8)
  9 trolls
  Sigmund (D:4)
  5 slime creatures (D:13)
  A centaur simulacrum (D:14)
  A shadow (D:11)
  3 wraiths
  3 wyverns
  A warg (D:7)
  13 yaks
  4 vampire mosquitoes (D:11)
  Duvessa (D:7)
  An acid dragon (D:5)
  4 water moccasins
  An ice beast (D:6)
  Pargi (Sewer)
  A black bear (D:5)
  5 orc warriors
  3 ogres
  7 centaurs
  2 phantoms (D:5)
  6 kobold brigands
  A brain worm (Sewer)
  3 gnoll sergeants
  7 scorpions
  2 bullfrogs
  A wight (D:5)
  Dowan (D:7)
  6 killer bees
  An electric eel (D:6)
  9 howler monkeys
  Crazy Yiuf (D:3)
  6 hounds
  9 orc priests
  A jelly (D:5)
  Jessica (D:3)
  2 gnoll boudas (D:5)
  4 iguanas
  15 orc wizards
  Robin (D:3)
  8 gnolls
  11 adders
  A shadow imp (D:6)
  5 white imps
  6 ufetubi
  17 dart slugs
  3 ribbon worms
  39 orcs
  7 ball pythons
  8 bats
  5 endoplasms
  4 giant cockroaches
  11 goblins (D:3)
  7 hobgoblins
  A jackal (D:5)
  25 kobolds
  5 quokkas
  6 frilled lizards
  4 rats
355 creatures vanquished.

Vanquished Creatures (collateral kills)
  Nessos (D:13)
  A two-headed ogre (D:13)
  3 vampire mosquitoes (D:13)
5 creatures vanquished.

Vanquished Creatures (others)
  An ugly thing (D:14)
  An orc wizard (D:6)
2 creatures vanquished.

Grand Total: 362 creatures vanquished

Notes
Turn   | Place    | Note
-------+----------+-------------------------------------------
     0 | D:1      | Koenig04 the Minotaur Berserker began the quest for the
                  | Orb.
     0 | D:1      | Reached XP level 1. HP: 19/19 MP: 0/0
    95 | D:1      | Reached XP level 2. HP: 27/27 MP: 1/1
   475 | D:1      | Reached XP level 3. HP: 33/33 MP: 2/2
   751 | D:2      | Reached ** piety under Trog
  1038 | D:2      | You fall into a shaft and drop 2 floors!
  1077 | D:4      | Noticed an ogre
  1082 | D:4      | Noticed a centaur
  1104 | D:3      | Noticed Robin
  1121 | D:3      | Reached XP level 4. HP: 41/41 MP: 3/3
  1124 | D:3      | Killed Robin
  1127 | D:3      | Reached skill level 5 in Fighting
  1149 | D:3      | Found a glowing drain.
  1170 | Sewer    | Entered a sewer
  1201 | Sewer    | Noticed a brain worm
  1206 | Sewer    | Killed a brain worm
  1207 | Sewer    | Reached skill level 5 in Axes
  1207 | Sewer    | Reached skill level 1 in Shields
  1207 | Sewer    | Reached XP level 5. HP: 48/48 MP: 4/4
  1215 | Sewer    | Noticed Pargi
  1226 | Sewer    | Killed Pargi
  1227 | Sewer    | Reached XP level 6. HP: 44/56 MP: 5/5
  1708 | D:3      | Noticed Jessica
  1729 | D:3      | Killed Jessica
  1730 | D:3      | Reached skill level 1 in Stealth
  1733 | D:3      | Reached skill level 2 in Shields
  1931 | D:3      | Found a faded altar of an unknown god.
  1990 | D:3      | Gained mutation: You are covered in fur. (AC +1) [potion of
                  | mutation]
  1990 | D:3      | Gained mutation: You passively dampen the noise of your
                  | surroundings. [potion of mutation]
  2100 | D:3      | Found a runed translucent door.
  2101 | D:3      | Noticed Crazy Yiuf
  2106 | D:3      | Killed Crazy Yiuf
  2526 | D:4      | Reached skill level 1 in Throwing
  2543 | D:4      | Reached XP level 7. HP: 62/62 MP: 6/6
  2551 | D:4      | Noticed Sigmund
  2559 | D:4      | Killed Sigmund
  2560 | D:4      | Reached skill level 3 in Shields
  2828 | D:4      | Found a sacrificial altar of Ru.
  2859 | D:4      | Found a staircase to the Ecumenical Temple.
  2975 | D:4      | Found a blossoming altar of Fedhas.
  3094 | D:5      | Entered Level 5 of the Dungeon
  3189 | D:5      | Reached skill level 4 in Shields
  3189 | D:5      | Reached XP level 8. HP: 70/70 MP: 7/7
  3238 | D:5      | Lost mutation: You are covered in fur. (AC +1) [potion of
                  | mutation]
  3238 | D:5      | Lost mutation: You passively dampen the noise of your
                  | surroundings. [potion of mutation]
  3238 | D:5      | Gained mutation: Your mind is acute. (Int +4, Str/Dex -1)
                  | [potion of mutation]
  3238 | D:5      | Gained mutation: You possess an exceptional clarity of
                  | mind. [potion of mutation]
  3239 | D:5      | Lost mutation: You possess an exceptional clarity of mind.
                  | [potion of mutation]
  3239 | D:5      | Lost mutation: Your mind is acute. (Int +4, Str/Dex -1)
                  | [potion of mutation]
  3239 | D:5      | Gained mutation: You have sharp toenails. [potion of
                  | mutation]
  3239 | D:5      | Gained mutation: You passively dampen the noise of your
                  | surroundings. [potion of mutation]
  3239 | D:5      | Gained mutation: Your mind is acute. (Int +4, Str/Dex -1)
                  | [potion of mutation]
  3351 | D:5      | Found a broken altar of Ashenzari.
  3447 | D:5      | Reached *** piety under Trog
  3622 | D:5      | Found a hide-covered altar of Uskayaw.
  3730 | D:5      | Found an iron altar of Okawaru.
  4072 | D:5      | Reached skill level 5 in Shields
  4085 | D:5      | Reached skill level 5 in Armour
  4268 | D:5      | Reached XP level 9. HP: 75/78 MP: 8/8
  4483 | D:6      | Noticed Maggie
  4498 | D:6      | Killed Maggie
  4651 | D:6      | Reached skill level 6 in Shields
  4651 | D:6      | Reached **** piety under Trog
  4656 | D:6      | Reached skill level 10 in Axes
  4720 | D:6      | Noticed a troll
  4729 | D:6      | Killed a troll
  4817 | D:6      | Noticed a troll
  4827 | D:6      | Killed a troll
  4828 | D:6      | Reached skill level 7 in Shields
  5120 | D:6      | Reached skill level 5 in Dodging
  5388 | D:6      | Reached XP level 10. HP: 70/88 MP: 9/9
  5668 | D:7      | Reached skill level 8 in Shields
  5715 | D:7      | Reached ***** piety under Trog
  5746 | D:7      | Noticed Duvessa
  5746 | D:7      | Noticed Dowan
  5765 | D:7      | Killed Duvessa
  5767 | D:7      | Killed Dowan
  5834 | D:7      | Found a runed translucent gate.
  5836 | D:7      | Found a runed translucent gate.
  5837 | D:7      | Found a runed translucent gate.
  5838 | D:7      | Noticed Zing's ghost (novice KoBr)
  5866 | D:7      | Killed Zing's ghost
  5878 | D:7      | Reached skill level 9 in Shields
  6102 | D:7      | Identified the +0 hat of an ice cave {rF- Regen+ Int+2}
  7254 | D:8      | Reached skill level 10 in Shields
  7642 | D:8      | Found a staircase to the Lair.
  7783 | D:9      | Found a glowing silver altar of Zin.
  7821 | D:9      | Found a snail-covered altar of Cheibriados.
  7917 | D:9      | Found a staircase to the Orcish Mines.
  8036 | D:9      | Received a gift from Trog
  8037 | D:9      | Reached XP level 11. HP: 81/95 MP: 10/10
  8234 | D:9      | Noticed Maurice
  8238 | D:9      | Maurice stole 38 poisoned darts
  8246 | D:9      | Killed Maurice
  8443 | D:9      | Found Baxemiyr's Weapon Boutique.
  8709 | D:10     | Entered Level 10 of the Dungeon
  8709 | D:10     | Found a stormy altar of Qazlal.
  8845 | D:10     | Reached skill level 11 in Shields
  9063 | D:10     | Lost mutation: You passively dampen the noise of your
                  | surroundings. [potion of mutation]
  9063 | D:10     | Lost mutation: Your mind is acute. (Int +4, Str/Dex -1)
                  | [potion of mutation]
  9063 | D:10     | Gained mutation: You occasionally lose the ability to read
                  | scrolls when taking damage. [potion of mutation]
  9455 | D:11     | Noticed a white ugly thing
  9521 | D:11     | Noticed a green ugly thing
  9530 | D:11     | Killed a green ugly thing
  9536 | D:11     | Noticed a two-headed ogre
  9541 | D:11     | Killed a two-headed ogre
  9629 | D:11     | Found Atirr's Specific Store.
  9631 | D:11     | Found Biahyunoxe's General Store.
  9639 | D:11     | Bought a potion of heal wounds for 70 gold pieces
  9639 | D:11     | Bought a scroll of identify for 28 gold pieces
  9662 | D:11     | Killed a white ugly thing
  9663 | D:11     | Reached skill level 12 in Shields
  9679 | D:11     | Reached skill level 10 in Armour
  9766 | D:11     | Reached skill level 10 in Fighting
 10650 | D:12     | Reached skill level 13 in Shields
 10699 | D:12     | Noticed a brown ugly thing
 10710 | D:12     | Killed a brown ugly thing
 10760 | D:12     | Noticed a deep elf pyromancer
 10763 | D:12     | Noticed a boulder beetle
 10772 | D:12     | Killed a deep elf pyromancer
 10773 | D:12     | Reached XP level 12. HP: 107/107 MP: 11/11
 10783 | D:12     | Killed a boulder beetle
 10979 | D:12     | Noticed Nergalle
 10995 | D:12     | Killed Nergalle
 11241 | D:12     | Found a glowing golden altar of the Shining One.
 11561 | D:13     | Noticed a centaur warrior
 11571 | D:13     | Killed a centaur warrior
 11584 | D:13     | Reached skill level 14 in Shields
 11647 | D:13     | Noticed Nessos
 11649 | D:13     | Noticed a centaur warrior
 11649 | D:13     | Noticed a minotaur
 11649 | D:13     | Noticed Kokhlaf's ghost (journeyman DECj)
 11661 | D:13     | Killed Nessos
 11674 | D:13     | Noticed a two-headed ogre
 11681 | D:13     | Killed a two-headed ogre
 11705 | D:13     | Reached skill level 15 in Shields
 11900 | D:13     | Found a gate to the Vaults.
 12224 | D:13     | Found a runed translucent gate.
 12224 | D:13     | Found a runed translucent gate.
 12224 | D:13     | Found a runed translucent gate.
 12264 | D:13     | Noticed a centaur warrior
 12273 | D:13     | Killed a centaur warrior
 12274 | D:13     | Reached skill level 16 in Shields
 12474 | D:13     | Noticed a centaur warrior
 12486 | D:13     | Killed a centaur warrior
 12704 | D:13     | Found Geytt's Antique Weapon Shoppe.
 12712 | D:13     | Bought an encrusted broad axe for 225 gold pieces
 12712 | D:13     | Identified the +5 broad axe "Nobradgha" {flame, rElec rPois
                  | Will+ Dex+4} (You bought it in a shop on level 13 of the
                  | Dungeon)
 13080 | D:13     | Killed a minotaur
 13084 | D:13     | Killed a centaur warrior
 13115 | D:13     | Killed Kokhlaf's ghost
 13116 | D:13     | Reached XP level 13. HP: 42/117 MP: 12/12
 13427 | D:14     | Reached skill level 15 in Axes
 13430 | D:14     | Reached skill level 17 in Shields
 13634 | D:14     | Noticed Roxanne
 13645 | D:14     | Killed from afar by Roxanne

Illustrated notes

Levels and vault maps discovered:
D:1:      minmay_arrival_cross, layout_loops_ring
D:2:      layout_rooms
D:3:      layout_loops_ring, shapermc_ecumenical_altar_notcrosses,
          portal_sewer_entry_c, uniq_crazy_yiuf_cottage, uniq_robin,
          uniq_jessica
D:4:      layout_cave_pools, lemuel_doored_altar, old_standard_altar,
          minmay_temple_entry_statues_pillars, serial_column_ruins,
          column_ruins_square_medium, column_ruins_circle_small,
          column_ruins_open_medium, column_ruins_grid_3,
          column_ruins_columns_straight, column_ruins_columns_corner,
          column_ruins_columns_corner, uniq_sigmund
D:5:      kennysheep_windowed_halls, layout_basic, mainiacjoe_overflow_chevrons,
          nicolae_ashenzari_panopticon, minmay_ruined_shrine
D:6:      kennysheep_slugbush, layout_basic, chequers_serial_rivers_micro_a,
          st_stairs_10, columned_hall_lemuel, grunt_ministairs_10,
          minmay_manual_mail, uniq_maggie
D:7:      layout_rooms, biasface_ghost_orc_armoury, uniq_duvessa
D:8:      layout_basic, lair_entry_dummy, chequers_hall_statues_y,
          einodemon_armed_red_devil_minivault
D:9:      layout_grid_maze, chei_slow_surprise, kennysheep_little_box,
          david_orc_2, serial_shops, nicolae_shop_pleasant_corner_grove,
          uniq_maurice
D:10:     layout_irregular_city, lemuel_round_altar, serial_column_ruins,
          column_ruins_courtyard_long, column_ruins_columns_corner,
          column_ruins_columns_dead_end, column_ruins_open_tiny,
          column_ruins_grid_3, column_ruins_open_tiny, david_defended_altar_orc
D:11:     layout_irregular_city, nicolae_specific_store
D:12:     layout_roguey, nicolae_zen_rock_garden,
          nicolae_tso_swordbearing_angel, uniq_nergalle
D:13:     layout_basic, erik_vaults_1, maelrawn_ghost_gauntlet_escape,
          serial_shops, shop_statue, uniq_nessos
D:14:     layout_roguey, interstate_on_off, hangedman_abyss_or_decor_clamps,
          uniq_snorg, uniq_roxanne

Skill      XL: |  1  2  3  4  5  6  7  8  9 10 11 12 13 |
---------------+----------------------------------------+-----
Fighting       | 4 5 6 8 10 11 12 | 12.0
Axes           | 4 5 6 7 9 11 12 13 14 15 | 15.2
Dodging        | 3 4 5 6 |  6.4
Shields        | 1 2 4 5 7 10 13 16 17 | 17.0
Stealth        | 1 2 |  2.1
Throwing       | 1 |  1.8
Armour         | 3 5 6 9 10 12 | 12.3

Action                     |  1- 3 |  4- 6 |  7- 9 | 10-12 | 13-15 || total
---------------------------+-------+-------+-------+-------+-------++-------
  Melee: Hand axe          |    68 |    75 |   287 |   533 |       ||   963
         Headbutt          |    12 |    11 |    46 |   148 |    13 ||   230
         Broad axe         |       |       |       |    47 |    44 ||    91
  Throw: Dart              |       |     8 |       |     6 |     2 ||    16
 Invoke: Berserk           |     1 |       |     3 |     7 |       ||    11
         Trog's Hand       |       |     1 |       |     1 |     1 ||     3
         Brothers in Arms  |       |       |       |     1 |       ||     1
    Use: Scroll            |     4 |     3 |     9 |     6 |     1 ||    23
         Potion            |       |     1 |     3 |     5 |       ||     9
   Stab: Sleeping          |     1 |       |       |       |       ||     1
 Armour: Animal skin       |    22 |       |       |       |       ||    22
         Leather armour    |     5 |    24 |       |       |       ||    29
         Skin              |     4 |       |       |       |       ||     4
         Troll leather arm |       |    19 |     6 |       |       ||    25
         Scale mail        |       |       |    16 |       |       ||    16
         Plate armour      |       |       |    91 |   386 |    16 ||   493
         Chain mail        |       |       |    62 |    38 |       ||   100
  Dodge: Dodged            |    49 |    40 |    78 |   160 |     5 ||   332
  Block: Kite shield       |    12 |    40 |   140 |   356 |    17 ||   565
